 Dungeon Crawl Stone Soup version 0.28-a0-265-g048bc9fd10 (webtiles) character file.

Game seed: 6494413453536671416

177 Jamsdnucbuo the Poker (level 5, -1/31 HPs)
             Began as a Tengu Gladiator on Aug 27, 2021.
             Was a Believer of Makhleb.
             Slain by Edmund (4 damage)
             ... on level 3 of the Dungeon.
             The game lasted 00:06:02 (2322 turns).

Jamsdnucbuo the Poker (Tengu Gladiator)             Turns: 2322, Time: 00:06:03

Health: -1/31      AC:  3    Str: 16    XL:     5   Next: 57%
Magic:  6/6        EV: 15    Int:  8    God:    Makhleb [**....]
Gold:   89         SH:  0    Dex: 15    Spells: 4/4 levels left

rFire   . . .      SeeInvis .   e - +1 demon trident (elec)
rCold   . . .      Faith    .   (no shield)
rNeg    + . .      Spirit   .   b - +0 leather armour
rPois   .          Reflect  .   c - +0 hat
rElec   .          Harm     .   (no cloak)
rCorr   +          Rampage  .   (no gloves)
Will    .....                   (boots unavailable)
Stlth   +.........              (no amulet)
HPRegen 0.10/turn               k - ring of the Oracle {rN+ rCorr}
MPRegen 0.10/turn               (no ring)

@: flying quickly and evasively, quick
A: beak, talons 3, nimble flight
a: Renounce Religion, Minor Destruction


You were on level 3 of the Dungeon.
You worshipped Makhleb.
Makhleb was pleased with you.
You visited 1 branch of the dungeon, and saw 4 of its levels.

You collected 89 gold pieces.

Inventory:

Hand Weapons
 a - a +0 trident
 e - a +1 demon trident of electrocution (weapon)
 j - a +3 great mace of protection
Missiles
 d - 3 throwing nets (quivered)
 h - 11 poisoned darts
Armour
 b - a +0 leather armour (worn)
 c - a +0 hat (worn)
 i - a +0 scale mail
Jewellery
 k - a ring of the Oracle (left hand) {rN+ rCorr}
   (You acquired it on level 1 of the Dungeon)

   [ring of resist corrosion]

   rN:        It protects you from negative energy.
   rCorr:     It protects you from acid and corrosion.
Wands
 n - a wand of polymorph (9)
Scrolls
 f - a scroll of amnesia
 g - a scroll of noise
Potions
 l - a potion of might {unknown}
 m - a potion of curing


   Skills:
 + Level 2.4 Fighting
 + Level 5.6 Polearms
 + Level 2.1 Throwing
 + Level 1.3 Armour
 + Level 4.0 Dodging


You had 4 spell levels left.
You didn't know any spells.
Your spell library contained the following spells:

 Spells                   Type           Power      Damage    Failure   Level
 Magic Dart               Conj           0%         1d3       47%         1
 Call Imp                 Summ           0%         N/A       63%         2
 Mephitic Cloud           Conj/Pois/Air  0%         N/A       85%         3
 Hailstorm                Conj/Ice       0%         3d3       99%         4
 Ice Form                 Ice/Tmut       0%         N/A       99%         4
 Simulacrum               Ice/Necr       0%         N/A       100%        6


Dungeon Overview and Level Annotations

Branches:
Dungeon (4/15)
 Temple: D:4-7

Altars:
Makhleb

Shops:
D:3 *!:[

Annotations:
D:3 Edmund


Innate Abilities, Weirdness & Mutations

You have a beak for a mouth.
You have claws for feet.
Your magical nature lets you fly swiftly and evasively.


Message History

Done exploring.
Done exploring.
Done exploring.
Done exploring.
As you read the scroll labelled GEXAOTTAWES, it crumbles to dust.
It is a scroll of amnesia.
You feel forgetful for a moment.
There is a stone staircase leading down here.
You fly downwards.
Edmund shouts!
The goblin shouts!
Found 13 gold pieces, a short sword and a fuming clear potion.
There is a stone staircase leading up here.
You reach to attack!
You barely miss the goblin.
The goblin unwields a +0 dagger.
The goblin wields a +0 hunting sling.
The goblin shoots a stone.
The stone hits you.
You reach to attack!
You completely miss Edmund.
A human zombie comes into view.
A goblin skeleton comes into view.
You hit Edmund but do no damage. You claw Edmund, but do no damage.
The goblin shoots a stone.
The stone barely misses you. Edmund hits you with a +2 vorpal flail!
You hit Edmund but do no damage. You peck Edmund.
Edmund is lightly wounded.
Edmund barely misses you.
You hit Edmund but do no damage. Lightning courses through Edmund!
You claw Edmund. Your peck misses Edmund.
Edmund is moderately wounded.
The goblin unwields a +0 hunting sling.
The goblin wields a +0 dagger.
The goblin hits you with a +0 dagger. Edmund closely misses you.
The goblin hits you with a +0 dagger. Edmund misses you.
You fly upwards.
There is a stone staircase leading down here.
You barely miss Edmund. You claw Edmund, but do no damage.
Edmund is moderately wounded.
The goblin barely misses you. Edmund hits you with a +2 vorpal flail!
* * * LOW HITPOINT WARNING * * *
x2 Unknown command.
It was a potion of curing.
You feel better. The goblin hits you with a +0 dagger.
Edmund hits you with a +2 vorpal flail!
* * * LOW HITPOINT WARNING * * *
You die...

#....# #.# #.. #....# #.#
#.# ##.#.#######.# #.#
#.#.........# #..
######.#######.### #.#
#........# ##+## #..
#.####.#.# ##...## ##..
#.####.#g###.....## #...
#<##.#.#@##.......## #.#.
#.#....#@#.........###...
#........'..)......'.....
#.#.(.##.#.........###...
#........##>......## #.#.
####.#######.....## #...
#.# ##...## ###. ####.#
##'## #. #....#
#.#########.


You could see Edmund and a goblin.

Vanquished Creatures
  Terence (D:3)
  4 gnolls (D:3)
  3 adders
  A worm (D:3)
  3 dart slugs (D:1)
  5 orcs (D:2)
  6 endoplasms
  2 giant cockroaches
  4 goblins
  6 hobgoblins
  6 jackals (D:3)
  2 quokkas
  13 ball pythons
  7 bats
  3 frilled lizards (D:1)
  4 kobolds
  7 rats
77 creatures vanquished.

Notes
Turn   | Place    | Note
-------+----------+-------------------------------------------
     0 | D:1      | Jamsdnucbuo the Tengu Gladiator began the quest for the
                  | Orb.
     0 | D:1      | Reached XP level 1. HP: 12/12 MP: 2/2
    32 | D:1      | Reached XP level 2. HP: 17/17 MP: 3/3
    72 | D:1      | Found a faded altar of an unknown god.
    99 | D:1      | Became a worshipper of Makhleb the Destroyer
    99 | D:1      | Reached * piety under Makhleb
   249 | D:1      | Reached XP level 3. HP: 21/21 MP: 4/4
   279 | D:1      | Reached skill level 4 in Polearms
   611 | D:1      | Identified 3 scrolls of acquirement
   611 | D:1      | Acquired a ring of the Oracle {rN+ rCorr}
   612 | D:1      | Acquired a +3 great mace of protection
   614 | D:1      | Acquired a +1 demon trident of electrocution
   763 | D:2      | Reached ** piety under Makhleb
   972 | D:2      | Reached XP level 4. HP: 26/26 MP: 5/5
  1300 | D:3      | Found Syonnaum's Antique Armour Emporium.
  1372 | D:3      | Reached skill level 5 in Polearms
  1376 | D:3      | Gained mutation: Your magical nature lets you fly swiftly
                  | and evasively. [Tengu growth]
  1376 | D:3      | Reached XP level 5. HP: 30/31 MP: 6/6
  1548 | D:3      | Found Goabarah's Distillery.
  1895 | D:3      | Reached skill level 1 in Armour
  1899 | D:3      | Found Titomaafa's Assorted Antiques.
  1992 | D:3      | Noticed Terence
  1998 | D:3      | Killed Terence
  2170 | D:3      | Found Plog's Book Shoppe.
  2313 | D:4      | Noticed Edmund
  2322 | D:3      | Slain by Edmund

Illustrated notes

Levels and vault maps discovered:
D:1:      elethiomel_arrival_quiet, layout_basic,
          hellmonk_ecumenical_altar_pennies_from_heaven, st_stairs_2
D:2:      layout_basic
D:3:      layout_loops_corners, serial_shops, shop_statue, shop, shop,
          nicolae_shop_trees, grunt_decor_fettered, chequers_jeans,
          chequers_serial_rivers_room_a, wad_floor_pattern_untrapped,
          uniq_terence
D:4:      layout_cave_pools, mainiacjoe_overflow_six_doors_small,
          dk_yredelemnul_ordeal, old_standard_altar, serial_column_ruins,
          column_ruins_columns_water, column_ruins_columns_T,
          column_ruins_columns_corner, column_ruins_corridor_straight,
          uniq_sigmund, uniq_edmund

Skill      XL: |  1  2  3  4  5 |
---------------+----------------+-----
Polearms       | 4 5 |  5.6
Dodging        | 4 |  4.0
Armour         | 1 |  1.3
Fighting       | |  2.4
Throwing       | |  2.1

Action                   |  1- 3 |  4- 6 || total
-------------------------+-------+-------++-------
Melee: Trident           |    71 |       ||    71
       Kick              |    16 |    17 ||    33
       Peck              |     5 |     9 ||    14
       Demon trident     |    30 |    69 ||    99
  Use: Scroll            |     3 |     2 ||     5
       Potion            |       |     1 ||     1
Armor: Leather armour    |    15 |     3 ||    18
       Scale mail        |    11 |     3 ||    14
Dodge: Dodged            |    43 |    28 ||    71

Table legend: (Time is in decaauts)
 A = Elapsed time spent in this place.
 B = Non-inter-level travel time spent in this place.
 C = Inter-level travel time spent in this place.
 D = Time resting spent in this place.
 E = Time spent auto-exploring this place.
 F = Levels seen in this place.
 G = Mean time per level.
                   A        B        C        D        E       F      G
               +--------+--------+--------+--------+--------+-----+--------+
         Total |   2261 |   2184 |     77 |      0 |   1781 |   4 |  565.2 |
       Dungeon |   2261 |   2184 |     77 |      0 |   1781 |   4 |  565.2 |
               +--------+--------+--------+--------+--------+-----+--------+

Top non-repeatable levels by time:
     D:3: 942 daAuts
     D:2: 672 daAuts
     D:1: 640 daAuts
     D:4: 6 daAuts
